 Dungeon Crawl Stone Soup version 0.17.0-28-g6e173f8 (webtiles) character file.

7085 lucasterio the Geomancer (level 11, -1/62 HPs)
             Began as a Gargoyle Earth Elementalist on Nov 25, 2015.
             Was a High Priest of Sif Muna.
             Slain by a minotaur
             ... wielding a +2 battleaxe of chopping
              (7 damage)
             ... in a labyrinth.
             The game lasted 01:25:17 (12733 turns).

lucasterio the Geomancer (GrEE)                    Turns: 12733, Time: 01:25:17

Health: -1/62      AC: 16    Str: 12    XL:     11   Next: 9%
Magic:  8/22       EV: 14    Int: 19    God:    Sif Muna [*****.]
Gold:   636        SH:  0    Dex: 10    Spells: 5 memorised, 11 levels left

rFire  + . .     SeeInvis .     F - staff of earth
rCold  + + .     Clarity  .     X - +0 robe {rC+ rF+}
rNeg   + . .     SustAt   .     (no shield)
rPois  ∞         Gourm    .     (no helmet)
rElec  +         Spirit   .     (no cloak)
rCorr  .         Warding  .     (no gloves)
rMut   +         Rnd*Tele +     x - +2 pair of boots
MR     .....                    p - amulet of resist mutation
Stlth  ++........               o - ring of teleportation
                                O - ring of protection from cold

@: stone skin, not resistant to hostile enchantments, unstealthy
A: claws 1, talons 1, blurry vision 1, negative energy resistance 1, electricity
resistance, unbreathing, evolution 1, petrification resistance, rot immunity, AC
+7
a: Channel Energy, Forget Spell, Renounce Religion, Evoke Teleportation


You were in a labyrinth.
You worshipped Sif Muna.
Sif Muna was extremely pleased with you.
You were hungry.

You visited 2 branches of the dungeon, and saw 12 of its levels.
You also visited: Labyrinth.

You collected 636 gold pieces.

Inventory:

Hand Weapons
 h - a +2 short sword of speed
 N - a +4 short sword
Missiles
 b - 266 stones (quivered)
Armour
 x - a +2 pair of boots (worn)
 I - a troll hide
 X - a +0 robe of resistance (worn)
Magical Staves
 F - an uncursed staff of earth (weapon)
 Y - an uncursed staff of summoning
Jewellery
 k - an uncursed ring of protection from fire
 o - a ring of teleportation (right claw)
 p - an amulet of resist mutation (around neck)
 v - an uncursed amulet of stasis
 H - an uncursed amulet of guardian spirit
 O - a ring of protection from cold (left claw)
 U - an uncursed amulet of regeneration
Wands
 a - a wand of polymorph (17)
 u - a wand of polymorph (13)
 P - a wand of fire (0)
Scrolls
 f - 5 scrolls of identify
 j - a scroll of fear {unknown}
 l - 4 scrolls of magic mapping
 m - 3 scrolls of immolation {unknown}
 n - a scroll of amnesia {unknown}
 t - 3 scrolls of blinking {unknown}
 y - a scroll of enchant armour {unknown}
 z - a scroll of noise {unknown}
 B - 2 scrolls of recharging {unknown}
 C - 5 scrolls of remove curse
 J - a scroll of enchant weapon {unknown}
 K - 5 scrolls of teleportation {unknown}
 T - a scroll of random uselessness {unknown}
 V - a scroll of fog {unknown}
Potions
 e - 2 potions of might {unknown}
 i - 2 potions of degeneration {unknown}
 q - 2 potions of agility {unknown}
 r - a potion of heal wounds {unknown}
 s - 5 potions of curing
 w - a potion of ambrosia {unknown}
 A - 3 potions of lignification {unknown}
 E - 4 potions of flight {unknown}
 R - a potion of magic {unknown}
 W - a potion of brilliance {unknown}
Books
 c - a book of Geomancy

   Spells                             Type                      Level
   a - Sandblast                      Earth                        1
   b - Stoneskin                      Transmutation/Earth          2
   c - Passwall                       Transmutation/Earth          3
   d - Stone Arrow                    Conjuration/Earth            3
   e - Petrify                        Transmutation/Earth          4
   f - Lee's Rapid Deconstruction     Earth                        5
 D - a Necronomicon

   Spells                             Type                      Level
   a - Haunt                          Necromancy/Summoning         7
   b - Borgnjor's Revivification      Necromancy                   8
   c - Death's Door                   Charms/Necromancy            8
   d - Necromutation                  Transmutation/Necromancy     8
 G - a book of Spatial Translocations

   Spells                             Type                      Level
   a - Apportation                    Translocation                1
   b - Blink                          Translocation                2
   c - Shroud of Golubria             Charms/Translocation         2
   d - Portal Projectile              Translocation                3
   e - Teleport Other                 Translocation                3
   f - Passage of Golubria            Translocation                4
 L - a book of Cantrips

   Spells                             Type                      Level
   a - Corona                         Hexes                        1
   b - Animate Skeleton               Necromancy                   1
   c - Summon Small Mammal            Summoning                    1
   d - Apportation                    Translocation                1
Comestibles
 d - 6 bread rations
 g - 3 meat rations
 M - 2 royal jellies
 S - a beef jerky


   Skills:
 + Level 4.3 Fighting
 + Level 6.0 Dodging
 - Level 2.1 Stealth
 + Level 7.4 Spellcasting
 + Level 8.5 Conjurations
 + Level 1.0 Translocations
 - Level 0.7 Transmutations
 * Level 11.6 Earth Magic


You had 11 spell levels left.
You knew the following spells:

 Your Spells              Type           Power        Failure   Level  Hunger
a - Sandblast             Erth           ######       1%          1    None
b - Stoneskin             Trmt/Erth      #####...     1%          2    None
c - Stone Arrow           Conj/Erth      ######       1%          3    #......
d - Lee's Rapid Deconstr  Erth           ######....   1%          5    #####..
e - Blink                 Tloc           N/A          12%         2    None


Dungeon Overview and Level Annotations

Branches:
Dungeon (11/15)            Temple (1/1) D:4            Lair (0/8) D:9
    Orc (0/4) D:9

Altars:
Ashenzari
Cheibriados
Dithmenos
Elyvilon
Fedhas
Gozag
Kikubaaqudgha
Makhleb
Nemelex Xobeh
Okawaru
Qazlal
Ru
Sif Muna
Trog
Vehumet
Xom
Yredelemnul
Zin
The Shining One


Innate Abilities, Weirdness & Mutations

You are resistant to torment.
Your stone body is resilient (AC +7).
You are immune to poison.
You resist negative energy.
You are resistant to electric shocks.
You can survive without breathing.
You are immune to petrification.
You are immune to rotting.
You have sharp fingernails.
You have sharp toenails.
Scrolls take you a little longer to read.
You evolve.


Message History

Casting: Stone Arrow
Confirm with . or Enter, or press ? or * to list all spells.
Aiming: Stone Arrow
Press: ? - help, Shift-Dir - straight line, f/p - minotaur
Aim: a minotaur, wielding a battleaxe of chopping (moderately wounded)
You feel a surge of power!
The stone arrow hits the minotaur.
The minotaur is heavily wounded.
The minotaur hits you with a battleaxe of chopping!!
Ouch! That really hurt!
The minotaur gores you!
* * * LOW HITPOINT WARNING * * *
Casting: Stone Arrow
Confirm with . or Enter, or press ? or * to list all spells.
Aiming: Stone Arrow
Press: ? - help, Shift-Dir - straight line, f/p - minotaur
Aim: a minotaur, wielding a battleaxe of chopping (heavily wounded)
You feel a surge of power!
The stone arrow hits the minotaur.
The minotaur is severely wounded.
The minotaur hits you with a battleaxe of chopping!
You die...

.. .. #.#. .# #
#####.#.#.# .....
#.......#.#
####.#.#######.#.#
# .# ........#.#
#. #. #.#.##.#.#
#.#.# #..#.#.#
###.# # ##.#.#H#
#.. . ......#.@.#
#...##### #######
# .. . #. ## #. ##


You could see a minotaur.

Vanquished Creatures
  2 hill giants (D:10)
  A gargoyle (D:11)
  A troll (D:9)
  Prince Ribbit (D:5)
  Sigmund (D:3)
  2 yaks (D:8)
  A wyvern (D:10)
  3 hungry ghosts
  2 hippogriffs
  A warg (D:9)
  A porcupine (D:9)
  A water moccasin (D:8)
  Duvessa (D:7)
  2 black bears (D:6)
  4 sky beasts
  5 orc warriors
  4 ogres
  3 centaurs
  2 ice beasts
  3 big kobolds
  3 giant frogs
  A gnoll sergeant (D:9)
  A water moccasin zombie (D:5)
  A scorpion (D:8)
  Dowan (D:7)
  2 electric eels (D:8)
  3 crimson imps
  5 orc priests
  4 iguanas
  2 jellies
  A centaur skeleton (D:4)
  2 centaur zombies
  9 orc wizards
  Jessica (D:3)
  4 hounds
  A hell rat (D:8)
  7 worker ants
  2 hound skeletons
  A worker ant zombie (D:9)
  11 adders
  7 gnolls
  A hound simulacrum (D:8)
  A shadow imp (D:8)
  A river rat (D:9)
  A white imp (D:8)
  A worker ant simulacrum (D:8)
  An ufetubus (D:8)
  3 worms
  An adder skeleton (D:9)
  6 giant geckos
  39 orcs
  6 bats
  4 giant cockroaches
  8 goblins
  8 hobgoblins
  26 kobolds
  6 quokkas
  2 ball pythons
  8 giant newts
  18 jackals
  A quokka zombie (D:7)
  9 rats
261 creatures vanquished.

Vanquished Creatures (others)
  A river rat (D:8)
  A quokka (D:4)
2 creatures vanquished.

Grand Total: 263 creatures vanquished

Notes
Turn   | Place    | Note
--------------------------------------------------------------
     0 | D:1      | lucasterio the Gargoyle Earth Elementalist began the quest for the Orb.
     0 | D:1      | Reached XP level 1. HP: 10/10 MP: 3/3
   427 | D:1      | Reached XP level 2. HP: 9/15 MP: 5/5
   429 | D:1      | Reached skill level 4 in Earth Magic
   585 | D:1      | Found a sparkling altar of Nemelex Xobeh.
   910 | D:1      | Reached XP level 3. HP: 12/19 MP: 6/6
  1157 | D:2      | Learned a level 2 spell: Stoneskin
  1161 | D:2      | Learned a level 3 spell: Stone Arrow
  1634 | D:2      | Reached skill level 1 in Conjurations
  1636 | D:2      | Reached XP level 4. HP: 20/24 MP: 8/8
  2303 | D:3      | Noticed Sigmund
  2303 | D:3      | Noticed Jessica
  2324 | D:3      | Killed Jessica
  2324 | D:3      | Reached XP level 5. HP: 18/28 MP: 0/9
  2758 | D:3      | Killed Sigmund
  2758 | D:3      | Reached skill level 5 in Earth Magic
  2758 | D:3      | Reached XP level 6. HP: 20/32 MP: 0/11
  3033 | D:4      | You fall through a shaft for 2 floors!
  3075 | D:5      | Entered Level 5 of the Dungeon
  3076 | D:5      | Found a basalt altar of Yredelemnul.
  3316 | D:4      | Reached XP level 7. HP: 19/36 MP: 2/12
  3648 | D:4      | Reached skill level 6 in Earth Magic
  3675 | D:4      | Found a white marble altar of Elyvilon.
  3776 | D:4      | Found a staircase to the Ecumenical Temple.
  3785 | Temple   | Entered the Ecumenical Temple
  3893 | Temple   | Became a worshipper of Sif Muna the Loreminder
  4868 | D:5      | Noticed Prince Ribbit
  5090 | D:5      | Killed Prince Ribbit
  5090 | D:5      | Reached * piety under Sif Muna
  5090 | D:5      | Reached skill level 7 in Earth Magic
  5090 | D:5      | Reached XP level 8. HP: 30/41 MP: 6/14
  5176 | D:5      | Learned a level 5 spell: Lee's Rapid Deconstruction
  5288 | D:5      | Gained mutation: Scrolls take you a little longer to read. [mutagenic meat]
  5289 | D:5      | Gained mutation: You are clumsy. (Dex -2) [mutagenic meat]
  5290 | D:5      | Gained mutation: You evolve. [mutagenic meat]
  5291 | D:5      | Gained mutation: You have sharp toenails. [mutagenic meat]
  5543 | D:5      | Reached skill level 5 in Conjurations
  6053 | D:6      | Reached skill level 8 in Earth Magic
  6437 | D:6      | Found a bloodstained altar of Trog.
  6439 | D:6      | Reached skill level 5 in Spellcasting
  6446 | D:6      | Reached ** piety under Sif Muna
  6674 | D:6      | Noticed a hungry ghost
  6683 | D:6      | Reached XP level 9. HP: 45/45 MP: 9/16
  6694 | D:6      | Killed a hungry ghost
  6848 | D:6      | Reached skill level 9 in Earth Magic
  6918 | D:6      | Lost mutation: You are clumsy. (Dex -2) [evolution]
  7487 | D:7      | Found a burning altar of Makhleb.
  7490 | D:7      | Found a glowing silver altar of Zin.
  7491 | D:7      | Noticed an Executioner
  7491 | D:7      | Noticed an angel
  7500 | D:7      | Noticed Duvessa
  7501 | D:7      | Noticed Dowan
  7529 | D:7      | Killed Dowan
  7558 | D:7      | Killed Duvessa
  8258 | D:8      | Found a shimmering altar of Xom.
  8269 | D:8      | Found a snail-covered altar of Cheibriados.
  8387 | D:8      | Reached *** piety under Sif Muna
  8646 | D:8      | Found a shimmering altar of Xom.
  8651 | D:8      | Found a shimmering altar of Xom.
  8651 | D:8      | Found a shimmering altar of Xom.
  8651 | D:8      | You fall through a shaft for 2 floors!
  8651 | D:10     | Entered Level 10 of the Dungeon
  8912 | D:8      | Reached skill level 5 in Dodging
  9175 | D:8      | Reached skill level 1 in Fighting
  9175 | D:8      | Reached XP level 10. HP: 50/52 MP: 0/19
  9330 | D:8      | Reached skill level 10 in Earth Magic
  9720 | D:8      | Reached **** piety under Sif Muna
 10037 | D:9      | Found a staircase to the Lair.
 10255 | D:8      | Gained mutation: You have sharp fingernails. [evolution]
 11265 | D:9      | Found a staircase to the Orcish Mines.
 11843 | D:10     | Reached ***** piety under Sif Muna
 11843 | D:10     | Reached skill level 11 in Earth Magic
 12307 | D:10     | Noticed a hill giant
 12314 | D:10     | Killed a hill giant
 12344 | D:10     | Learned a level 2 spell: Blink
 12391 | D:10     | Noticed a hill giant
 12398 | D:10     | Killed a hill giant
 12398 | D:10     | Reached XP level 11. HP: 61/61 MP: 8/22
 12576 | D:11     | Reached skill level 1 in Translocations
 12595 | D:11     | Found a labyrinth entrance.
 12608 | Lab      | Entered a labyrinth
 12728 | Lab      | Noticed a minotaur
 12733 | Lab      | Slain by a minotaur

Action                   |  1- 3 |  4- 6 |  7- 9 | 10-12 || total
-------------------------+-------+-------+-------+-------++-------
Melee: Unarmed           |    14 |       |       |       ||    14
       Short sword       |   138 |   123 |    97 |    36 ||   394
       Staff             |       |       |     4 |       ||     4
 Cast: Sandblast         |    13 |    16 |    86 |    32 ||   147
       Stone Arrow       |     2 |     9 |   102 |   133 ||   246
       Stoneskin         |     2 |     4 |     2 |     4 ||    12
       Lee's Rapid Decon |       |       |     1 |     7 ||     8
Invok: Channel Energy    |       |       |     1 |    19 ||    20
  Use: Scroll            |       |     3 |     1 |       ||     4
       Potion            |       |       |     1 |       ||     1
 Stab: Sleeping          |     2 |     1 |       |       ||     3
  Eat: Chunk             |     3 |     3 |    22 |    18 ||    46
       Pizza             |       |     1 |     1 |       ||     2
       Fruit             |       |     2 |       |       ||     2
       Meat ration       |       |       |     1 |       ||     1
